Map: Base du roi Sejong EC

Players

zidar - Winner!

  • Race: Zerg Zerg
  • League: Gold
  • Spawn Location: 5:00

tvorec

  • Race: Zerg Zerg
  • League: Gold
  • Spawn Location: 11:00

VOD

Have the link to the VOD?

Description

Time

  • Played on: June 15, 2016, 11:48 a.m.
  • Length: 4:35
Show
View Real Time Build Order
Export as new Build Order

zidar Zerg - Winner!

Build Orders: Pool Only 

Get SALT Encoding   

  12  0:01  Drone  
  13  0:12  Overlord  
  13  0:18  Drone  
  14  0:31  Drone x2  
  14  0:35  Extractor, Drone  
  16  0:48  Spawning Pool  
  15  0:56  Drone  
  16  1:05  Overlord  
  16  1:35  Zergling x2  
  16  1:36  Metabolic Boost  
  16  1:37  Queen  
  16  1:39  Zergling x4  
  21  1:47  Zergling x2  
  22  1:57  Zergling x2  
  23  2:08  Zergling x2  
  24  2:21  Zergling x2  
  25  2:31  Zergling x2  
  26  2:41  Zergling x2  
  27  2:46  Zergling x6  
  30  2:54  Overlord  
  27  3:49  Zergling x10  
  27  3:50  Zergling x2  
  32  4:09  Zergling x2  
Show
View Real Time Build Order
Export as new Build Order

tvorec Zerg 

Build Orders: Hatch First 

Get SALT Encoding   

  12  0:10  Drone  
  12  0:12  Drone  
  14  0:47  Hatchery  
  14  0:48  Drone  
  14  1:02  Spawning Pool  
  13  1:06  Overlord  
  13  1:14  Drone  
  14  1:40  Extractor  
  13  1:49  Zergling x2  
  13  1:50  Zergling x4  
  13  1:51  Queen  
  18  2:01  Queen  
  20  2:12  Drone x2  
  22  2:19  Drone  
  23  2:24  Drone  
  24  2:34  Drone  
  25  2:47  Drone x3  
  25  2:48  Spine Crawler  
  27  2:58  Drone  
  28  3:00  Overlord  
  28  3:03  Overlord  
  28  3:16  Spine Crawler  
  27  3:24  Zergling x4  
  27  3:25  Zergling x6  
  29  3:33  Drone  
  23  3:34  Zergling x4  
  6  4:01  Extractor  
  6  4:10  Drone  
Tags
 
Add a new tag
Caveats
  • Supply blocks, unpowered buildings, or Contaminate may cause inaccurate times.
  • Supply counts are checked every 10 seconds.